[Event "Czech Extraliga 2024-25"]
[Site "Czechia"]
[Date "2024.11.02"]
[Round "1.1"]
[White "Navara, David"]
[Black "Teclaf, Pawel"]
[Result "1/2-1/2"]
[ECO "C43"]
[WhiteElo "2674"]
[BlackElo "2568"]
[Annotator "TA"]
[PlyCount "46"]
[EventDate "2024.09.12"]
[EventType "team-tourn"]
[EventCountry "CZE"]
[SourceTitle "playchess.com"]
[Source "ChessBase"]
[SourceQuality "1"]
[TimeControl "40/5400+30:1800+30"]

1. e4 e5 2. Nf3 Nf6 3. d4 Nxe4 4. dxe5 d5 5. Nbd2 Qd7 6. Bd3 Nc5 7. Be2 Nc6 8. O-O {[%emt 0:01:47] White is slightly better.} Be7 9. Nb3 O-O 10. Be3 Nxb3 11. axb3 Qe6 12. Bf4 Qg6 {[%emt 0:03:31] Repels Bg3} 13. c3 Rd8 {[%emt 0:02:34] [#]} 14. e6 $1 Bxe6 {[%emt 0:05:02][%cal Od5d4] The position is equal.} 15. Bxc7 Bh3 16. Bg3 Bg4 17. Re1 Bf6 (17... d4 $5 18. cxd4 (18. Nxd4 Nxd4 19. cxd4 Bb4 $11) 18... Bb4 $11) 18. Nh4 Bxe2 19. Qxe2 Bxh4 20. Bxh4 f6 $1 21. Bg3 d4 22. Qc4+ Qf7 23. cxd4 Qxc4 {[%emt 0:03:56] Weighted Error Value: White=0.08 (flawless) /Black=0.02 (flawless) .  OK:         	White=5     	Black=11     Best:        	---       	Black=2      Strong:       	---       	Black=1} 1/2-1/2

[Event "Czech Extraliga 2024-25"]
[Site "Czechia"]
[Date "2024.11.02"]
[Round "1.1"]
[White "Saric, Ivan"]
[Black "Stinka, Jakub"]
[Result "1-0"]
[ECO "C42"]
[WhiteElo "2668"]
[BlackElo "2355"]
[Annotator "TA"]
[PlyCount "70"]
[EventDate "2024.09.12"]
[EventType "team-tourn"]
[EventCountry "CZE"]
[SourceTitle "playchess.com"]
[Source "ChessBase"]
[SourceQuality "1"]
[TimeControl "40/5400+30:1800+30"]

1. e4 e5 2. Nf3 Nf6 3. Nxe5 d6 4. Nf3 Nxe4 5. Nc3 Nxc3 6. dxc3 Be7 7. Be3 O-O 8. Qd2 Nd7 9. O-O-O Nf6 10. Bd3 {[%emt 0:02:23] White has an edge.} Re8 11. c4 a6 12. h4 {[%emt 0:02:09][%cal Bh2h4,Bh4h5,Bh5h6][%mdl 32] [#]} b5 $1 13. h5 (13. Bg5 h6) 13... Be6 14. Nd4 bxc4 (14... Bd7 $11) 15. Nxe6 $14 fxe6 16. Bxc4 {[%emt 0:00:17] A strong pair of Bishops.} d5 17. Bd3 Qd7 18. h6 {[%emt 0:04:23] hxg7 would now be deadly. White is more active.} g6 19. Qc3 c5 20. Bxc5 {[%emt 0:04:44] Bd4 is the strong threat.} Rac8 21. b4 Bxc5 22. bxc5 e5 {[%emt 0:03:04] [#]} (22... Qe7 $15) 23. Bxa6 (23. f4 $1 $16 Qa7 24. fxe5 Rxc5 25. Qd4) 23... Rc7 $1 24. Rhe1 Qa4 (24... Ne4 $2 25. Rxe4 Qf5 26. Re3 $18 (26. Rxd5 Qxe4 27. Bb5 Qf4+ 28. Kb2 Rb8 $18)) (24... Re6 $11 {keeps the balance.} 25. Bf1 Qe7) 25. Bd3 $16 Qf4+ {[%emt 0:01:40] [#]} (25... Re6 $142) 26. Rd2 $1 e4 (26... Qxh6 $16 {was worth a try.} 27. Rxe5 Rb8) 27. Bb5 $18 Rf8 (27... Re6 $142 28. Qd4 Qxh6) 28. c6 Qxh6 29. Qe5 {[%emt 0:02:14] Wards off Qg5} Qg7 30. c4 dxc4 31. Red1 {[%emt 0:01:02][%cal Od2d8] Strongly threatening Rd8!} Re7 $2 (31... Rcc8 {was called for.} 32. a4 (32. Bxc4+ Kh8 $18) 32... Kh8) 32. Qc3 (32. Bxc4+ Kh8 33. Be6 Nh5 34. Qxg7+ (34. Qxe4 $2 Nf4 $19) 34... Nxg7 $18) 32... Qh6 $2 (32... h5 33. Rd8 (33. Bxc4+ Kh7 $18) 33... Kh7) 33. Kc2 e3 34. Bxc4+ Kh8 35. Rd8 Rxd8 {[%emt 0:00:43] Weighted Error Value: White=0.16 (very precise) /Black=0.70.  Mistake:       	White=1     	Black=8      Inaccurate:     	White=4     	Black=2      OK:         	White=5     	Black=9      Best:        	White=4     	Black=1      Strong:       	White=1     	Black=1} 1-0

[Event "Czech Extraliga 2024-25"]
[Site "Czechia"]
[Date "2024.11.02"]
[Round "1.1"]
[White "Ter-Sahakyan, Samvel"]
[Black "Eljanov, Pavel"]
[Result "1/2-1/2"]
[ECO "C54"]
[WhiteElo "2608"]
[BlackElo "2672"]
[Annotator "TA"]
[PlyCount "116"]
[EventDate "2024.09.12"]
[EventType "team-tourn"]
[EventCountry "CZE"]
[SourceTitle "playchess.com"]
[Source "ChessBase"]
[SourceQuality "1"]
[TimeControl "40/5400+30:1800+30"]

1. e4 e5 2. Nf3 Nc6 3. Bc4 Bc5 4. c3 Nf6 5. d3 O-O 6. O-O d6 7. Re1 a5 {[%emt 0:00:48] C54: Giuoco Piano: 4 c3 Nf6, main lines with 5 d4 and 5 d3.} 8. Nbd2 Be6 9. Bb5 Qb8 10. Nf1 Qa7 11. Be3 Bxe3 12. Nxe3 Ne7 13. Ba4 h6 14. Bc2 Ng6 15. d4 a4 16. Qd2 $146 ({Predecessor:} 16. Nf5 Rfd8 17. Qd2 b5 18. Rad1 Bxa2 19. Nxh6+ gxh6 20. Qxh6 c5 21. dxe5 dxe5 22. Nxe5 Rxd1 23. Rxd1 Nxe5 24. Qxf6 {½-½ Vachier Lagrave,M (2784)-Aronian,L (2781) Chess.com Speed blitz 2020 (2.13)}) 16... b5 17. d5 Bd7 18. Rad1 Rfd8 19. g3 c6 20. Qe2 a3 21. b3 cxd5 22. Nxd5 Nxd5 23. Rxd5 Qc7 24. Red1 Bg4 25. R5d3 Nf8 26. Re3 b4 27. cxb4 (27. Qe1 $11 {remains equal.}) 27... Ne6 $17 28. Qc4 Qb6 29. Bd3 $2 {[%emt 0:01:42] [#]} (29. Qf1 $17) 29... d5 $2 (29... Rdc8 $1 $19 {[%cal Rc8c4][%mdl 512] is more deadly.} 30. Qd5 Nc7 (30... Qxb4 31. Bc4 $11)) 30. exd5 $17 Bxf3 $1 31. Rxf3 Nd4 32. Be4 (32. Re3 $2 Rdc8 $19) 32... Rac8 33. Qd3 Nxf3+ 34. Qxf3 Qxb4 35. h4 Qd6 (35... g6 $17 36. h5 f5) 36. h5 $11 Qf6 37. Qxf6 $1 gxf6 38. d6 Rb8 39. Bf5 $1 Rb4 $1 40. d7 Rd4 $1 41. Rc1 Kf8 42. Rc6 (42. Rc2 $1 $11) 42... Rd1+ $17 43. Kg2 Rd2 $1 (43... Ke7 44. Ra6 $16) 44. Rxf6 {[%emt 0:04:56] [#]} e4 $1 45. Bxe4 {[%emt 0:02:23] [#]} (45. Rxh6 $2 {perishes.} e3 46. Kf1 Rxf2+ (46... exf2 47. Ra6 $16) 47. Ke1 Rxf5 $19) 45... R8xd7 (45... Kg7 $1 $17 46. Ra6 R8xd7 47. Rxa3 Re2) 46. Rxh6 $11 Rxa2 47. Ra6 Rdd2 48. g4 Rxf2+ 49. Kg3 Rfb2 50. Ra8+ Ke7 $1 51. h6 Rxb3+ 52. Bf3 Rxf3+ 53. Kxf3 Rh2 54. g5 (54. Rxa3 $2 {loses.} Rh3+ (54... Rxh6 55. Ra8 $11) 55. Kf4 Rxa3 $19) 54... a2 55. Kg3 Rh5 56. Kg4 Rh2 $1 57. Ra7+ Kf8 58. Ra8+ Ke7 1/2-1/2

[Event "Czech Extraliga 2024-25"]
[Site "Czechia"]
[Date "2024.11.02"]
[Round "1.1"]
[White "Pechac, Jergus"]
[Black "Ivanchuk, Vasyl"]
[Result "0-1"]
[ECO "C42"]
[WhiteElo "2598"]
[BlackElo "2640"]
[Annotator "TA"]
[PlyCount "92"]
[EventDate "2024.09.12"]
[EventType "team-tourn"]
[EventCountry "CZE"]
[SourceTitle "playchess.com"]
[Source "ChessBase"]
[SourceQuality "1"]
[TimeControl "40/5400+30:1800+30"]

1. e4 e5 2. Nf3 Nf6 3. Nxe5 d6 4. Nf3 Nxe4 5. d4 d5 6. Bd3 Nc6 7. O-O Be7 8. Nbd2 Nxd2 9. Bxd2 Bg4 10. c3 O-O 11. h3 Bh5 12. g3 Bg6 {[%emt 0:00:02] White is slightly better.} 13. Bxg6 hxg6 14. Kg2 Qd7 15. Bf4 Bd6 16. Bxd6 Qxd6 17. Qd3 Rae8 18. Rae1 a6 19. Re2 Rxe2 20. Qxe2 Nd8 21. h4 Ne6 22. Ne5 c5 23. dxc5 Nxc5 {[%emt 0:00:15] White must now prevent ...Re8.} 24. Nf3 Ne4 25. Rd1 {[%emt 0:01:22][%cal Oe2e4] Hoping for Qxe4!} Re8 26. Qe3 Nf6 27. Qd4 Re2 {[%emt 0:13:41][%cal Of6e4] ...Ne4! is the strong threat.} 28. Rd2 Re4 29. Qa7 Qc6 30. Nd4 Qc4 31. Nf3 {[%emt 0:06:38] Prevents Re1} (31. Qxb7 $2 Re1 $19) 31... Qc6 32. a3 Re7 33. Rd4 Ne4 34. a4 f6 35. Rb4 ({White should play} 35. Qb8+ $11 Re8 36. Qa7) 35... Nc5 $1 $15 36. Qb8+ Kh7 37. Qf8 {[%emt 0:01:19] [#]} ({Better is} 37. h5 gxh5 (37... Nxa4 $2 38. hxg6+ Kxg6 39. Rg4+ Kf7 40. Qh8 $18) 38. Rh4) 37... Qd7 $1 $17 38. h5 {[%emt 0:01:37] [#]} g5 (38... Nxa4 $2 39. hxg6+ (39. Rxa4 g5 $18) 39... Kxg6 40. Rxa4 $18) (38... gxh5 39. Rh4 Qe8 (39... Nxa4 40. Rxh5+ Kg6 41. Nh4+ Kxh5 42. Qh8+ Kg4 43. Qh7 Re5 44. Qg6+ Rg5 45. f3#) (39... Kg6 $2 40. Qh8 $18) 40. Rxh5+ Qxh5 41. Qxe7 $11) 39. Nd4 {[%emt 0:01:37] Against Ne6} (39. h6 $17 {was called for.} Kxh6 (39... gxh6 40. Qxf6 Ne4 41. Qd4 $16) 40. Qh8+ Kg6 41. Qh1) 39... Nd3 $1 $19 {[%emt 0:01:13][%cal Od3f4] ( -> ...Nf4+!)} 40. Rb6 $2 {[%emt 0:00:01] [#]} (40. h6 $19 Nxb4 (40... gxh6 $2 41. Nf5 $18) (40... Kxh6 $2 41. Qxe7 Qxe7 42. Nf5+ Kh7 43. Nxe7 $18) 41. hxg7 Rxg7 42. Qxb4) 40... Nf4+ $1 {[%emt 0:00:26][%mdl 512] Black mates.} 41. gxf4 Qg4+ 42. Kh2 Qxh5+ 43. Kg2 Qg4+ 44. Kh2 Qxf4+ 45. Kg2 Qg4+ 46. Kh2 Re1 {[%emt 0:05:46] Weighted Error Value: White=0.25 (precise) /Black=0.02 (flawless) .  Mistake:       	White=4     	---        Inaccurate:     	White=1     	---        OK:         	White=11    	Black=16     Best:        	White=2     	Black=1      Strong:       	---       	Black=3      Brilliant:      	---       	Black=1} 0-1

[Event "Czech Extraliga 2024-25"]
[Site "Czechia"]
[Date "2024.11.02"]
[Round "1.1"]
[White "Gumularz, Szymon"]
[Black "Svanda, Ondrej"]
[Result "1-0"]
[ECO "A21"]
[WhiteElo "2579"]
[BlackElo "2391"]
[Annotator "TA"]
[PlyCount "95"]
[EventDate "2024.09.12"]
[EventType "team-tourn"]
[EventCountry "CZE"]
[SourceTitle "playchess.com"]
[Source "ChessBase"]
[SourceQuality "1"]
[TimeControl "40/5400+30:1800+30"]

1. c4 e5 2. d3 d6 3. g3 f5 4. Bg2 Nf6 5. Nc3 Be7 6. b3 {[%emt 0:07:24] A21: English Opening: 1...e5 2 Nc3.} O-O 7. Bb2 c6 8. d4 $146 ({Predecessor:} 8. Nf3 h6 9. O-O g5 10. e3 Be6 11. Rc1 Na6 12. a3 Qe8 13. Ne2 Kh7 14. Nd2 {0-1 Skoerys,F (1780)-Lantzsch,C (1959) GER-ch Net Amateur Gr-A Vor3 blitz 2020 (3)}) 8... Qe8 9. d5 c5 10. Nh3 h6 11. Qd2 Na6 12. f4 e4 13. Nf2 Nc7 14. a4 b6 15. e3 Qg6 16. Bf1 Bd7 17. Be2 a6 18. O-O Qh7 (18... Rab8 $15) 19. a5 $11 b5 20. b4 $1 cxb4 21. Na2 b3 22. Nb4 Qg6 23. Rfc1 h5 24. Kh1 ({Much worse is} 24. c5 Be8 $11) 24... Ng4 25. Nxg4 hxg4 26. Ra3 Bf6 27. cxb5 Nxb5 (27... Bxb2 $16 28. Qxb2 Nxb5) 28. Rxb3 $18 Qf7 29. Bxf6 gxf6 {[%emt 0:00:01] [#]} (29... Qxf6 {is a better defense.} 30. Nc6 Bxc6 31. dxc6 Nc7) 30. Nxa6 $2 (30. Nc6 $1 $18 ) 30... Rxa6 $14 31. Bxb5 Bxb5 32. Rxb5 Rfa8 ({Black should try} 32... Kh7 $14) 33. Qb2 (33. Rc6 $16 Kg7 34. Qc1) 33... R8a7 $2 (33... Qf8 $14) 34. Rc8+ $2 (34. Rc6 $1 $18) 34... Kg7 35. Qc3 Kg6 $1 36. Kg2 Rb7 $2 (36... Ra8 $11) 37. Rxb7 $1 $18 Qxb7 38. Rf8 Qe7 {[%emt 0:00:49] [#]} 39. Rg8+ $1 Kf7 40. Rh8 Kg7 41. Qc8 Qf7 42. Qxa6 (42. Rh4 $142 Qg8 43. Qxa6 Qxd5 44. Qa7+ Kg8 45. Qb8+ Kf7 46. Qc7+ (46. Rh7+ Kg6 $11) (46. Qb7+ Qxb7 47. Rh7+ Ke6 48. Rxb7 Kd5 49. Rc7 Ke6 50. a6 d5) 46... Ke6 47. Qc8+ Kf7 48. Qd7+ (48. Qb7+ Qxb7 49. Rh7+ Ke6 50. Rxb7 Kd5 51. Rc7 Ke6 52. a6 d5) 48... Kg8 49. Qe8+ Kg7 50. Qh8+ Kf7 51. Rh7+ Kg6 52. Qg7#) 42... Qxd5 43. Rb8 Qd2+ {[%emt 0:00:04] [#]} 44. Kf1 $1 Qd1+ 45. Kf2 Qf3+ 46. Ke1 Qxe3+ 47. Kd1 Qd4+ 48. Ke2 1-0

[Event "Czech Extraliga 2024-25"]
[Site "Czechia"]
[Date "2024.11.02"]
[Round "1.1"]
[White "Delgerdalai, Bayarjavkhlan"]
[Black "Rodshtein, Maxim"]
[Result "0-1"]
[ECO "B50"]
[WhiteElo "2347"]
[BlackElo "2636"]
[Annotator "TA"]
[PlyCount "118"]
[EventDate "2024.09.12"]
[EventType "team-tourn"]
[EventCountry "CZE"]
[SourceTitle "playchess.com"]
[Source "ChessBase"]
[SourceQuality "1"]
[TimeControl "40/5400+30:1800+30"]

1. e4 c5 2. Nf3 d6 3. Nc3 Nf6 4. e5 dxe5 5. Nxe5 a6 6. g3 Qd6 7. Qe2 Nc6 8. Nxc6 {[%emt 0:02:21] The position is equal.} Qxc6 9. Rg1 Bg4 10. Bg2 Qxg2 11. Rxg2 Bxe2 12. Kxe2 e6 13. d3 Rc8 14. b3 Be7 15. Bb2 O-O 16. Rgg1 Rfd8 17. Rgd1 Nd7 18. Ne4 Nb8 19. Rac1 Nc6 20. Kf1 b5 21. a4 Nb4 22. Ke2 f5 23. Nd2 Bf6 24. Bxf6 gxf6 25. Re1 Kf7 26. f4 h5 27. Kf2 {[%emt 0:02:23] [#]} h4 $1 28. Kg2 Rg8 29. Kf2 Rh8 {[%emt 0:02:26] ...hxg3+ would now be deadly.} 30. Kg2 Rh7 31. Nf3 bxa4 32. bxa4 hxg3 33. hxg3 c4 34. Nd4 Rch8 35. dxc4 Rh2+ 36. Kf3 Rc8 37. Nxe6 $2 (37. c3 $11 {and White has nothing to worry.} Rxc4 (37... Nd3 38. Rh1 $15) 38. cxb4 Rxd4 39. Rc7+ Kg6 40. Rxe6) 37... Rxc4 $19 38. Nd8+ Kg6 {[%emt 0:00:20][%mdl 1024] Black has strong compensation.} 39. Re2 Rc3+ $1 40. Re3 {[%emt 0:00:04] [#]} Rc8 41. c3 Na2 42. Rd1 Nxc3 43. Rdd3 Ne4 (43... Nxa4 $19 44. Re2 Rxe2 45. Kxe2 a5) 44. Re2 $17 Rxe2 45. Kxe2 {[%emt 0:00:04][%mdl 4096] Endgame. KRN-KRN} Rc2+ 46. Kf3 Rf2+ 47. Ke3 Rg2 48. Ne6 Rxg3+ (48... Nxg3 $2 49. Kf3 Re2 50. Nd4 $18) 49. Kd4 Rg1 50. Ra3 {[%emt 0:01:08] Against Ra1} (50. Kc4 $1 $15) 50... Rc1 51. Kd5 {[%emt 0:00:29] [#] Repels Rc6} (51. Ra2 $17) 51... Kh5 $1 $19 52. Rb3 (52. Nf8 {is a better defense.}) 52... Rd1+ 53. Nd4 Kg4 54. Rb6 Kxf4 55. Kc4 (55. a5 $142) 55... a5 56. Ra6 Rc1+ 57. Kb5 $2 (57. Kb3 Nc5+ 58. Kb2 Nxa6 (58... Nxa4+ $2 {too greedy.} 59. Kxc1 Ke4 60. Rxa5 $18) 59. Kxc1) 57... Rc5+ {[%emt 0:00:13] Black is clearly winning.} 58. Kb6 {[%emt 0:00:04] Threatens to win with Ne6+.} Ke3 59. Nb3 Rc3 {[%emt 0:00:32] Weighted Error Value: White=0.31/Black=0.07 (flawless) .  Loses game:     	White=2     	---        Mistake:       	White=5     	Black=1      Inaccurate:     	White=2     	Black=1      OK:         	White=17    	Black=22     Best:        	White=5     	Black=6      Strong:       	---       	Black=2} 0-1

[Event "Czech Extraliga 2024-25"]
[Site "Czechia"]
[Date "2024.11.02"]
[Round "1.2"]
[White "Korobov, Anton"]
[Black "Michalik, Peter"]
[Result "1/2-1/2"]
[ECO "D12"]
[WhiteElo "2636"]
[BlackElo "2562"]
[Annotator "TA"]
[PlyCount "67"]
[EventDate "2024.09.12"]
[EventType "team-tourn"]
[EventCountry "CZE"]
[SourceTitle "playchess.com"]
[Source "ChessBase"]
[SourceQuality "1"]
[TimeControl "40/5400+30:1800+30"]

1. d4 d5 2. c4 c6 3. Nf3 Nf6 4. e3 Bf5 5. Nc3 e6 6. Nh4 Bg6 7. Be2 Nbd7 8. O-O Bd6 9. g3 {[%emt 0:01:28] White has an edge.} O-O 10. Nxg6 hxg6 11. Qc2 Rc8 12. c5 Bc7 13. f4 Ba5 14. Nd1 Ne4 {[%emt 0:03:05] Prevents b4.} 15. a3 Bc7 16. b4 f5 17. Nf2 Nxf2 18. Rxf2 Nf6 19. h4 Ne4 20. Rg2 Qd7 21. Bd2 a5 22. Be1 axb4 23. axb4 Ra8 24. Qb1 b6 25. Bd3 Rfb8 26. Rxa8 Rxa8 27. Ra2 Rxa2 28. Qxa2 {[%emt 0:00:03] [#] aiming for Qa8+.} b5 29. g4 Qc8 {[%emt 0:05:09] Wards off Qa8} 30. g5 Kf7 31. Qa7 Ke8 32. Be2 Qb8 33. Qxb8+ (33. Qa6 $5 Kd7 $8 34. Bf3 $11) 33... Bxb8 34. Kg2 {[%emt 0:00:03] Weighted Error Value: White=0.07 (flawless) /Black=0.08 (flawless) .  Inaccurate:     	White=2     	Black=4      OK:         	White=13    	Black=10     Best:        	---       	Black=1} 1/2-1/2

[Event "Czech Extraliga 2024-25"]
[Site "Czechia"]
[Date "2024.11.02"]
[Round "1.2"]
[White "Dardha, Daniel"]
[Black "Movsesian, Sergei"]
[Result "1-0"]
[ECO "E73"]
[WhiteElo "2606"]
[BlackElo "2609"]
[Annotator "TA"]
[PlyCount "103"]
[EventDate "2024.09.12"]
[EventType "team-tourn"]
[EventCountry "CZE"]
[SourceTitle "playchess.com"]
[Source "ChessBase"]
[SourceQuality "1"]
[TimeControl "40/5400+30:1800+30"]

1. d4 Nf6 2. c4 g6 3. h4 Bg7 4. Nc3 d6 5. e4 O-O 6. Be2 c5 7. d5 e6 8. h5 exd5 9. exd5 Re8 10. Kf1 Nbd7 {[%emt 0:07:13] The position is equal.} 11. h6 $1 Bh8 12. Bg5 Qb6 13. b3 Ne4 14. Nxe4 Rxe4 {[%emt 0:00:03] [#]} 15. Nf3 $1 Re8 {[%emt 0:00:43] [#]} (15... a5 16. Rb1) 16. Bd3 $1 Ne5 17. Nxe5 Bxe5 18. Rb1 a5 19. g3 Bd7 20. Qd2 Qb4 21. Qd1 Qb6 22. Kg2 Qc7 23. Qc2 Bh8 24. Rbe1 Bd4 25. Qd2 f6 26. Be3 (26. Bf4 {seems wilder.} Kf7 27. Qd1 Rxe1 28. Rxe1 a4 29. Qd2) 26... Bxe3 $1 27. Rxe3 Rxe3 28. Qxe3 Re8 29. Qd2 Kf7 30. a3 b6 31. b4 axb4 32. axb4 Ra8 33. Re1 cxb4 (33... Qd8 $11) 34. Qxb4 $16 Qc5 35. Rb1 {[%emt 0:03:37] White is more active.} Ra3 36. Qxc5 ({White should play} 36. Bf1 $1 $16) 36... dxc5 {[%emt 0:02:12][%mdl 4096] Endgame. KRB-KRB} 37. Be4 {[%emt 0:00:05][%cal Od5d6] d6! would now be deadly.} f5 (37... Ra6 $1 $11) 38. Bf3 Ra6 39. d6 Ke6 (39... g5 $16) 40. Bb7 $18 Ra7 {[%emt 0:00:36] [#]} 41. Bd5+ (41. Rxb6 $2 {is the wrong capture.} Rxb7 42. Ra6 (42. Rxb7 $2 Bc6+ 43. Kf1 Bxb7 $19) 42... Rb4 $19) 41... Kf6 $2 (41... Kxd6 $2 {too greedy.} 42. Rxb6+ Ke5 43. Rxg6 $18) (41... Ke5 $16) 42. Rxb6 $2 (42. Re1 $18 {is the precise move to win.}) 42... Kg5 $2 (42... g5 $16 {was worth a try.} 43. Kf3 Ke5) 43. Rb7 Rxb7 44. Bxb7 {[%emt 0:00:00] KB-KB} Kf6 45. Bd5 g5 $2 {[%emt 0:07:33] [#]} (45... Be6 46. f4 Bd7) 46. g4 $1 Kg6 47. gxf5+ Bxf5 48. Kf3 {[%emt 0:00:00] White wants to mate with Be4.} Bd7 49. Ke4 Kf6 50. Bg8 {[%emt 0:00:56] White is clearly winning.} Bc6+ 51. Kd3 Kg6 52. Ke3 {[%emt 0:00:06] Weighted Error Value: White=0.42/Black=0.46.  Loses game:     	---       	Black=2      Missed win:     	White=1     	---        Mistake:       	White=1     	Black=4      Inaccurate:     	White=2     	Black=2      OK:         	White=11    	Black=20     Best:        	White=3     	Black=1      Strong:       	White=1     	Black=1      Brilliant:      	White=1     	---} 1-0

[Event "Czech Extraliga 2024-25"]
[Site "Czechia"]
[Date "2024.11.02"]
[Round "1.2"]
[White "Nasuta, Grzegorz"]
[Black "Nguyen, Thai Dai Van"]
[Result "0-1"]
[ECO "B33"]
[WhiteElo "2543"]
[BlackElo "2670"]
[Annotator "TA"]
[PlyCount "45"]
[EventDate "2024.09.12"]
[EventType "team-tourn"]
[EventCountry "CZE"]
[SourceTitle "playchess.com"]
[Source "ChessBase"]
[SourceQuality "1"]
[TimeControl "40/5400+30:1800+30"]

1. e4 c5 2. Nf3 Nc6 3. d4 cxd4 4. Nxd4 Nf6 5. Nc3 e5 6. Ndb5 d6 7. Bg5 a6 8. Na3 b5 9. Nd5 Be7 10. Bxf6 Bxf6 11. c3 Bg5 12. Nc2 Ne7 13. h4 Bh6 14. Ncb4 {[%emt 0:00:00] A dynamic duo of knights.} O-O 15. a4 {[%emt 0:00:00] White has an edge.} bxa4 16. Rxa4 a5 17. Bc4 Bd7 18. Nxe7+ Qxe7 19. Nd5 Qd8 20. Ra2 Kh8 21. Qe2 Rc8 22. g3 g6 23. b3 {[%emt 0:00:00][%mdl 32768] Not much happened in this game.   Weighted Error Value: White=0.08 (flawless) /Black=0.07 (flawless) .  Inaccurate:     	White=1     	Black=1      OK:         	White=5     	Black=5     . Loss on time!?} 0-1

[Event "Czech Extraliga 2024-25"]
[Site "Czechia"]
[Date "2024.11.02"]
[Round "1.2"]
[White "Cyborowski, Lukasz"]
[Black "Gloser, David"]
[Result "1-0"]
[ECO "D32"]
[WhiteElo "2454"]
[BlackElo "2332"]
[Annotator "TA"]
[PlyCount "97"]
[EventDate "2024.09.12"]
[EventType "team-tourn"]
[EventCountry "CZE"]
[SourceTitle "playchess.com"]
[Source "ChessBase"]
[SourceQuality "1"]
[TimeControl "40/5400+30:1800+30"]

1. Nf3 Nf6 2. c4 e6 3. Nc3 d5 4. e3 a6 5. b3 c5 6. Bb2 Nc6 7. cxd5 exd5 8. d4 cxd4 9. Nxd4 Bd6 10. Be2 O-O 11. O-O Bc7 12. Bf3 Qd6 {[%emt 0:06:12][%csl Gc7][%cal Rd6h2] [#]} 13. g3 Bh3 {[%emt 0:05:08] White is slightly better.} 14. Bg2 Bxg2 15. Kxg2 Rad8 16. Nce2 Rfe8 17. Nxc6 bxc6 18. Rc1 Bb6 19. Nd4 Bxd4 20. Qxd4 Qd7 21. Qb6 Re6 22. Qxa6 {[%emt 0:00:04] White is more active.} Ne4 23. Qe2 Rde8 24. Qg4 g6 25. Rc2 h5 (25... c5 $142) 26. Qf4 $40 {[%emt 0:00:44][%mdl 128] And now f3 would win. White is out for blood.} f5 $2 {[%emt 0:01:48] This move loses the game for Black.} (26... c5 $16) 27. Qh6 $18 Qh7 28. Qxh7+ Kxh7 29. Rfc1 c5 30. Rd1 g5 31. Rxd5 g4 32. Rxf5 Kg6 33. Rd5 Rf8 34. Re5 Rxe5 35. Bxe5 {[%emt 0:00:05][%mdl 4096] Endgame. KRB-KRN} Rd8 36. h3 {[%emt 0:01:36] White is clearly winning.} Kf5 37. Bf4 Rd1 38. hxg4+ hxg4 39. f3 gxf3+ 40. Kxf3 Rf1+ 41. Ke2 Rf2+ 42. Kd3 {[%emt 0:00:00] Strongly threatening Rxf2.} c4+ 43. bxc4 {[%emt 0:00:00] aiming for Rxf2.} (43. Kxc4 $2 {loses.} Rxc2+ 44. Kd3 Rd2+ (44... Rxa2 45. g4+ Kxg4 46. Kxe4 $11) 45. Kc4 Rxa2 $19) 43... Nc5+ 44. Kc3 Na4+ 45. Kb3 Nc5+ 46. Kb2 Na4+ {[%emt 0:00:21] [#]} 47. Kb1 $1 Rf1+ 48. Rc1 Rf2 49. c5 {[%emt 0:00:00] Weighted Error Value: White=0.07 (flawless) /Black=0.35.  Loses game:     	---       	Black=1      Mistake:       	---       	Black=1      Inaccurate:     	White=1     	Black=8      OK:         	White=17    	Black=8      Best:        	White=7     	Black=3      Strong:       	White=1     	---} 1-0